 Dungeon Crawl Stone Soup version 0.26.0-41-g79a4fc7684 (webtiles) character file.

Game seed: 17246709824257491053

63 kaeus the Shooter (level 3, 0/32 HPs)
             Began as a Palentonga Hunter on Jan 27, 2021.
             Slain by an adder (2 damage)
             ... on level 3 of the Dungeon.
             The game lasted 00:02:58 (1462 turns).

kaeus the Shooter (Palentonga Hunter)               Turns: 1462, Time: 00:02:58

Health: 0/32       AC:  6    Str: 16    XL:     3   Next: 87%
Magic:  3/3        EV:  8    Int: 11    God:
Gold:   130        SH:  0    Dex: 10    Spells: 2/2 levels left

rFire    . . .     SeeInvis +   a - +1 shortbow
rCold    . . .     Faith    +   (shield currently unavailable)
rNeg     . . .     Spirit   .   j - +1 ring mail
rPois    .         Reflect  .   (no helmet)
rElec    .         Harm     .   (no cloak)
rCorr    .         Rampage  .   (no gloves)
Will     .....                  (no barding)
Stlth    +.........             l - amulet of faith
HPRegen  0.10/turn              (no ring)
MPRegen  0.08/turn              (no ring)

@: lethally poisoned (0 -> -7)
A: large, rugged brown scales 3, see invisible, deformed body, roll 1, armoured
tail
a: Rolling Charge


You were on level 3 of the Dungeon.
You visited 1 branch of the dungeon, and saw 3 of its levels.

You collected 130 gold pieces.

Inventory:

Hand Weapons
 a - a +1 shortbow (weapon)
 b - a +0 short sword
Missiles
 c - 18 bolts
 d - 34 arrows (quivered ammo)
Armour
 j - a +1 ring mail (worn)
Jewellery
 l - an amulet of faith (around neck)
Scrolls
 e - a scroll of enchant armour
 i - 2 scrolls of identify {unknown}
Potions
 h - a potion of curing {unknown}
 k - a potion of haste {unknown}
 m - a potion of invisibility {unknown}


   Skills:
 + Level 2.9 Fighting
 * Level 4.2 Bows
 - Level 1.5 Dodging
 - Level 0.5 Stealth


You had 2 spell levels left.
You didn't know any spells.
Your spell library was empty.

Dungeon Overview and Level Annotations

Branches:
Dungeon (3/15)

Altars:

Portals:
Sewer: D:3


Innate Abilities, Weirdness & Mutations

You are completely covered in rugged brown scales. (AC +3, +7% HP)
You have supernaturally acute eyesight. (SInv)
Armour fits poorly on your strangely shaped body.
You can roll at nearby foes to attack.
You have a long armoured tail.


Message History

The ball python hisses angrily.
The giant cockroach waves its antennae.
The bat hits you but does no damage. The adder bites you.
Found a glowing drain.
You take 1 damage, and have 11/32 hp.
There are no items here.
The bat hits you but does no damage. The adder bites you.
* * * LOW HITPOINT WARNING * * *
The adder bites you.
* * * LOW HITPOINT WARNING * * *
You are poisoned.
The adder poisons you!
You see here 14 gold pieces.
You take 6 damage, and have 5/32 hp.
You now have 130 gold pieces (gained 14).
You feel sick. The bat closely misses you. The bat hits you but does no damage.
The adder bites you.
* * * LOW HITPOINT WARNING * * *
You are more poisoned.
The adder poisons you! The adder bites you.
You die...

>.....o.[.#*****
........o#######
.......o.ogo.o.#
####.#########g#
,,...# #.##
..#### #o.# .,*
##.## ,,* #bB###
*** ##@SS#*
#S#S.#**
#......#
#....r≈#
##.≈≈≈≈# *.≈≈≈≈#
*≈≈≈≈∩# *######


You could see 2 adders, 2 orcs, a giant cockroach, a goblin, a bat, 2 ball
pythons and a rat.

Vanquished Creatures
  2 adders (D:2)
  A dart slug (D:2)
  2 leopard geckos
  2 giant cockroaches
  5 goblins
  6 hobgoblins
  A quokka (D:2)
  A ball python (D:2)
  2 bats (D:2)
  4 frilled lizards
  6 kobolds
  9 rats
41 creatures vanquished.

Notes
Turn   | Place    | Note
-------+----------+-------------------------------------------
     0 | D:1      | kaeus the Palentonga Hunter began the quest for the Orb.
     0 | D:1      | Reached XP level 1. HP: 18/18 MP: 1/1
    83 | D:1      | Reached XP level 2. HP: 11/25 MP: 2/2
   750 | D:2      | Reached XP level 3. HP: 25/32 MP: 3/3
   916 | D:2      | Reached skill level 4 in Bows
  1460 | D:3      | Found a glowing drain.
  1462 | D:3      | Slain by an adder

Illustrated notes

Levels and vault maps discovered:
D:1:      giann_forest_graveyard, layout_rooms
D:2:      layout_rooms
D:3:      minmay_thinvault, layout_rooms, lemuel_round_altar,
          portal_sewer_entry_b, uniq_crazy_yiuf_cottage

Skill      XL: |  1  2  3 |
---------------+----------+-----
Bows           | 4 |  4.2
Fighting       | |  2.9
Dodging        | |  1.5
Stealth        | |  0.5

Action                   || total
-------------------------++-------
 Fire: Shortbow          ||   118
  Use: Scroll            ||     3
Armor: Leather armour    ||     5
       Ring mail         ||    43
Dodge: Dodged            ||    46
